 Dungeon Crawl Stone Soup version 0.31-a0-640-g39d97e502b (webtiles) character file.

Game seed: 18127602066665551930

2931 Shayle the Fighter (level 9, -1/101 (102) HPs)
             Began as an Ogre Shapeshifter on Aug 27, 2023.
             Was a Follower of Ashenzari.
             Slain by a wight
             ... wielding a +2 trident
              (12 damage)
             ... on level 8 of the Dungeon on Aug 28, 2023.
             The game lasted 00:33:12 (9635 turns).

Shayle the Fighter (Ogre Shapeshifter)              Turns: 9635, Time: 00:33:12

HP:   -1/101 (102)  AC: -3    Str: 20    XL:     9   Next: 79%
MP:   21/21         EV:  9    Int: 15    God:    Ashenzari [*.....]
Gold: 500           SH:  0    Dex:  8    Spells: 25/25 levels left

rFire   + . .        D - +8 whip (heavy)
rCold   + . .        (no shield)
rNeg    . . .        l - +2 robe {rF+}
rPois   .            (helmet currently unavailable)
rElec   .            (cloak currently unavailable)
rCorr   .            (gloves unavailable)
SInv    .            (boots unavailable)
Will    .....        (no amulet)
Stlth   +            m - ring of Ashenzari's Burden {Wiz, Self, Alch} (curse)
HPRegen 0.36/turn    z - ring of Ashenzari's Sorrow {rC+, Bglg, Elem} (curse)
MPRegen 0.17/turn

%: wizardry (x1)
@: mighty, about to teleport, beast-form, corroded, lightly drained
A: beast (slay +2), large, unfitting armour, tough skin 1
a: Begin Untransformation, Renounce Religion, Curse Item, Shatter the Chains


You were on level 8 of the Dungeon.
You worshipped Ashenzari.
Ashenzari was aware of your devotion.
You were a hulking beast.
You visited 2 branches of the dungeon, and saw 10 of its levels.
You also visited: Ossuary.

You collected 500 gold pieces.

Inventory:

Hand Weapons
 e - a +1 short sword of venom
 g - a +3 short sword
 D - a +8 heavy whip (weapon)
 I - the +3 dagger "Baowudghi" {pain, rN+ MP+9 Int+3 Dex-4}
   (You found it on level 7 of the Dungeon)

   Int+3:     It affects your intelligence (+3).
   Dex-4:     It affects your dexterity (-4).
   rN+:       It protects you from negative energy.
   MP+9:      It affects your magic capacity (+9).
Missiles
 C - 4 curare-tipped darts (quivered)
Armour
 l - a +2 robe of fire resistance (worn)
 s - a +0 hat of willpower
 F - a +0 cloak
Jewellery
 m - the cursed ring of Ashenzari's Burden (left hand) {Wiz, Self, Alch}
   (You found it on level 2 of the Dungeon)

   [ring of wizardry]

   Wiz:       It improves your spell success rate.
   It has a curse which improves the following skills: Introspection: Fighting
   and Spellcasting.
   Alchemy:   Poison Magic and Transmutations.
 z - the cursed ring of Ashenzari's Sorrow (right hand) {rC+, Bglg, Elem}
   (You found it on level 7 of the Dungeon)

   [ring of protection from cold]

   rC+:       It protects you from cold.
   It has a curse which improves the following skills: Beguiling: Conjurations,
   Hexes and Translocations.
   Elements:  Fire Magic, Ice Magic, Air Magic and Earth Magic.
Talismans
 c - a beast talisman (active)
 d - a flux talisman
 o - a blade talisman
 E - a serpent talisman
Wands
 u - a wand of digging (3)
Scrolls
 a - a scroll of poison
 b - 2 scrolls of amnesia
 j - a scroll of fog
 k - a scroll of summoning
 n - 3 scrolls of teleportation
 q - 2 scrolls of immolation
 x - 5 scrolls of torment
Potions
 f - a potion of brilliance
 h - a potion of enlightenment
 i - 2 potions of cancellation
 p - 2 potions of mutation
 t - a potion of might
 v - 2 potions of invisibility
 G - a potion of magic


   Skills:
 + Level 9.6(10.4) Fighting
 - Level 1.7 Dodging
 + Level 7.1 Unarmed Combat
 + Level 7.8(8.6) Spellcasting
 + Level 4.8 Shapeshifting


You had 25 spell levels left.
You didn't know any spells.
Your spell library contained the following spells:

 Spells                   Type           Power      Damage    Failure   Level
 Static Discharge         Conj/Air       12%        2-3/arc   7%          2
 Sublimation of Blood     Necr           6%         N/A       7%          2
 Wereblood                Tmut           6%         N/A       7%          2
 Frozen Ramparts          Ice            12%        1d2       13%         3
 Portal Projectile        Hex/Tloc       12%        N/A       13%         3
 Call Canine Familiar     Summ           6%         N/A       14%         3
 Airstrike                Air            3%         2d(1-17)  38%         4
 Animate Armour           Summ/Erth      12%        N/A       38%         4
 Leda's Liquefaction      Hex/Erth       3%         N/A       38%         4
 Petrify                  Tmut/Erth      6%         N/A       38%         4
 Summon Lightning Spire   Summ/Air       6%         N/A       38%         4
 Animate Dead             Necr           6%         N/A       41%         4
 Lee's Rapid Deconstruct  Erth           3%         3d5*      73%         5
 Metabolic Englaciation   Hex/Ice        3%         N/A       73%         5
 Haunt                    Necr/Summ      3%         N/A       100%        7
 Summon Hydra             Summ           3%         N/A       100%        7
 Infestation              Necr           3%         N/A       100%        8


Dungeon Overview and Level Annotations

Branches:
Dungeon (9/15)             Temple (1/1) D:4         Ossuary (visited)
   Lair: D:8-11         Orc: D:9-12

Altars:
Ashenzari
Cheibriados
Dithmenos
Elyvilon
Fedhas
Gozag
Hepliaklqana
Kikubaaqudgha
Makhleb
Nemelex Xobeh
Okawaru
Qazlal
Ru
Sif Muna
Trog
Uskayaw
Vehumet
Wu Jian
Xom
Yredelemnul
Zin
The Shining One

Shops:
D:6 (   D:7 (

Annotations:
D:6 2 transporters, zenocrate's ghost, novice OpSh


Innate Abilities, Weirdness & Mutations

You are a hulking beast.
Your limbs bulge with bestial killing power. (Slay +2)
You are too large for most types of armour.
You have tough skin. (AC +1)


Message History

The kobold brigand hits you with a +0 short sword!
* * * LOW HITPOINT WARNING * * *
The kobold brigand barely misses you. The kobold closely misses you.
The kobold barely misses you.
You closely miss the kobold brigand.
The kobold brigand is heavily wounded.
You feel sick.
The kobold hits you with a +0 short sword.
* * * LOW HITPOINT WARNING * * *
The kobold hits you with a +0 club.
* * * LOW HITPOINT WARNING * * *
The kobold brigand barely misses you. The kobold hits you with a +0 club.
* * * LOW HITPOINT WARNING * * *
The kobold brigand hits you with a +0 short sword!
* * * LOW HITPOINT WARNING * * *
The kobold hits you with a +0 short sword.
* * * LOW HITPOINT WARNING * * *
You feel much better.
You feel sick.
The kobold hits you with a +0 short sword.
* * * LOW HITPOINT WARNING * * *
The kobold hits you with a +0 club.
* * * LOW HITPOINT WARNING * * *
The kobold brigand barely misses you.
As you read the scroll of fear, it crumbles to dust.
You assume a fearsome visage.
The kobold brigand looks frightened!
The kobold looks frightened! x2; You feel sick.
A kobold brigand opens the door.
Okay, then.
You feel sick.
You are no longer poisoned.
There is a stone staircase leading up here.
You climb upwards.
There is a stone staircase leading down here.
As you read the scroll of teleportation, it crumbles to dust.
You feel strangely unstable.
The wight hits you from afar with a +2 trident.
* * * LOW HITPOINT WARNING * * *
You feel drained. The wight attacks as it pursues you!
The wight hits you from afar with a +2 trident!
You die...

#.#.........# #.# #.#
#.#.........#######.# #.#
#.#.........'...z##.####.# ####
#.#.........####....##...# ...#
###...........[.####.###.### ...#
#........######)#.....##.... ...#
#.#.#.##.#...[[<#.#...######
...###.#.#.##.#.####.#{#......#
...'............h>z..#{#..###.###
...###.#...##.#.#.####.#........#
######.######.#....###z#.####.#.#
.....).## #.###..#.....#....#.#
######..### #.# #..#...z.#.####.#
# #..((###.# #..#.....#...##†# #
#.##(.##.# #..#....z###.##.#
######)###....###..#.....#.......
..)....#####.......#.....#.#.####


You could see a wight.

Vanquished Creatures
  A hornet (D:8)
  A water moccasin (D:8)
  An acid dragon (D:9)
  An orc warrior (D:5)
  3 black bears
  A phantom (D:7)
  2 elf zombies (Ossuary)
  2 kobold brigands
  4 scorpions
  2 necrophages (D:7)
  13 wights
  A howler monkey (D:8)
  A spectral centaur (D:7)
  A centaur zombie (D:7)
  A human zombie (Ossuary)
  2 jellies
  3 hounds
  2 orc priests
  2 sleepcaps
  A bullfrog skeleton (D:7)
  2 iguanas
  An orc wizard (D:4)
  A spectral killer bee (D:7)
  A hound zombie (Ossuary)
  4 mummies (Ossuary)
  4 gnolls (D:8)
  5 adders
  2 adder zombies (Ossuary)
  A worm (D:3)
  A dart slug (D:3)
  16 orcs
  5 ball pythons
  7 bats
  4 endoplasms
  3 giant cockroaches (D:1)
  2 gnoll zombies (Ossuary)
  7 goblins
  2 hobgoblins
  4 jackals
  18 kobolds
  4 quokkas
  6 frilled lizards
  2 goblin zombies (Ossuary)
  2 kobold zombies (Ossuary)
  2 rats
151 creatures vanquished.

Notes
Turn   | Place    | Note
-------+----------+-------------------------------------------
     0 | D:1      | Shayle the Ogre Shapeshifter began the quest for the Orb.
     0 | D:1      | Reached XP level 1. HP: 19/19 MP: 1/1
    48 | D:1      | Reached XP level 2. HP: 20/28 MP: 1/3
   108 | D:1      | Reached skill level 2 in Fighting
   108 | D:1      | Reached skill level 1 in Spellcasting
   376 | D:1      | Upgraded the game from 0.31-a0-636-ge1c0e020e0 to
                  | 0.31-a0-640-g39d97e502b
   535 | D:1      | Reached XP level 3. HP: 36/36 MP: 5/5
  1362 | D:2      | Reached skill level 3 in Fighting
  1432 | D:3      | Reached XP level 4. HP: 34/45 MP: 7/7
  1554 | D:3      | Found a broken altar of Ashenzari.
  1562 | D:3      | Became a worshipper of Ashenzari the Shackled
  1775 | D:3      | Found a sacrificial altar of Ru.
  2151 | D:3      | Found a shadowy altar of Dithmenos.
  2196 | D:4      | Reached XP level 5. HP: 53/53 MP: 8/8
  2304 | D:4      | Found an ancient bone altar of Kikubaaqudgha.
  2569 | D:4      | Found a staircase to the Ecumenical Temple.
  2579 | Temple   | Entered the Ecumenical Temple
  2785 | D:4      | Reached skill level 4 in Fighting
  2980 | D:4      | Found a stormy altar of Qazlal.
  2981 | D:4      | Noticed a fire elemental
  2983 | D:4      | Noticed a water elemental
  2983 | D:4      | Noticed an air elemental
  3269 | D:5      | Entered Level 5 of the Dungeon
  3529 | D:5      | Reached XP level 6. HP: 9/66 MP: 11/11
  3826 | D:5      | Reached skill level 5 in Fighting
  4054 | D:5      | Found a white marble altar of Elyvilon.
  4057 | D:5      | Found a glowing silver altar of Zin.
  4057 | D:5      | Found a glowing golden altar of the Shining One.
  4302 | D:5      | Noticed a black bear
  4313 | D:5      | Killed a black bear
  4314 | D:5      | Reached XP level 7. HP: 53/74 MP: 12/14
  4499 | D:6      | Found a sand-covered staircase.
  4507 | Ossuary  | Entered an ossuary
  4588 | Ossuary  | Reached skill level 6 in Fighting
  4701 | Ossuary  | Reached skill level 5 in Unarmed Combat
  4709 | Ossuary  | HP: 1/76 [human zombie (4)]
  4925 | Ossuary  | Reached skill level 5 in Spellcasting
  5313 | D:6      | Reached XP level 8. HP: 49/87 MP: 16/16
  5468 | D:7      | Reached * piety under Ashenzari
  5502 | D:7      | Reached skill level 7 in Fighting
  5736 | D:7      | Found Zyanel's Weapon Shoppe.
  5851 | D:7      | Identified the +3 dagger "Baowudghi" {pain, rN+ MP+9 Int+3
                  | Dex-4}
  5886 | D:8      | Noticed a hornet
  5897 | D:8      | Killed a hornet
  6404 | D:7      | Reached skill level 8 in Fighting
  6719 | D:7      | Reached XP level 9. HP: 54/92 MP: 20/20
  7611 | D:6      | Found a sparkling altar of Nemelex Xobeh.
  7734 | D:6      | Found a transporter.
  7754 | D:5      | Reached skill level 9 in Fighting
  7947 | D:6      | Found a blossoming altar of Fedhas.
  7972 | D:6      | Found a transporter.
  7972 | D:6      | Noticed zenocrate's ghost (novice OpSh)
  8316 | D:6      | Found Qatuschi's Hydra Hut.
  8317 | D:6      | Noticed a six-headed hydra
  9627 | D:9      | HP: 5/102 [kobold brigand/+0 short sword (8)]
  9627 | D:9      | HP: 1/102 [kobold/+0 short sword (4)]
  9635 | D:8      | Slain by a wight

Illustrated notes

Levels and vault maps discovered:
D:1:      eino_arrival_cavern_d, layout_loops_cross
D:2:      layout_basic
D:3:      layout_rooms, mainiacjoe_overflow_swirl, ashenzari_altar_1,
          grunt_decor_fettered, ebering_dispersal_statue_hall
D:4:      layout_basic, overflow_temple_1_default,
          nicolae_qazlal_style_of_elements, minmay_temple_entry_sparse_star,
          solitary_fountain
D:5:      layout_gridville, dreamdust_divine_triumvirate
D:6:      layout_rooms, lemuel_tele_altar, mainiacjoe_overflow_alcove_4,
          gammafunk_ghost_arena, chequers_ossuary_entry_cave,
          doesnt_shop_hydraphobe
D:7:      layout_basic, serial_shops, kennysheep_mini, dilly_guarded_unrand_morg
D:8:      layout_basic
D:9:      layout_irregular_city, minmay_fractal_squares_5, uniq_harold
Temple:   nicolae_temple_ecumenical_triangle

Skill      XL: |  1  2  3  4  5  6  7  8  9 |
---------------+----------------------------+-----
Fighting       | 2 3 4 5 6 8 9 |  9.6
Spellcasting   | 1 2 3 4 5 6 7 |  7.8
Unarmed Combat | 3 4 5 6 7 |  7.1
Shapeshifting  | 4 |  4.8
Dodging        | |  1.7

Action                     |  1- 3 |  4- 6 |  7- 9 || total
---------------------------+-------+-------+-------++-------
  Melee: Unarmed           |    99 |     8 |   135 ||   242
         Punch             |     2 |     3 |    15 ||    20
         Short sword       |       |   150 |    67 ||   217
         Whip              |       |       |    87 ||    87
  Throw: Dart              |       |       |     5 ||     5
 Invoke: Curse Item        |       |     1 |     1 ||     2
  Evoke: Wand              |       |       |    25 ||    25
    Use: Scroll            |     3 |       |     7 ||    10
         Potion            |       |     2 |     5 ||     7
   Stab: Sleeping          |     2 |       |       ||     2
         Paralysed         |       |       |    24 ||    24
 Armour: Animal skin       |    30 |     2 |       ||    32
         Robe              |       |    25 |    61 ||    86
         Skin              |       |     3 |       ||     3
  Dodge: Dodged            |    40 |    73 |   143 ||   256

Table legend: (Time is in decaauts)
 A = Elapsed time spent in this place.
 B = Non-inter-level travel time spent in this place.
 C = Inter-level travel time spent in this place.
 D = Time resting spent in this place.
 E = Time spent auto-exploring this place.
 F = Levels seen in this place.
 G = Mean time per level.
                   A        B        C        D        E       F      G
               +--------+--------+--------+--------+--------+-----+--------+
         Total |   9682 |   8919 |    763 |   2379 |   4406 |  11 |  880.2 |
       Dungeon |   9110 |   8347 |    763 |   2208 |   4304 |   9 | 1012.2 |
        Temple |      1 |      1 |      0 |      0 |      0 |   1 |    1.0 |
       Ossuary |    570 |    570 |      0 |    171 |    102 |   1 |  570.0 |
               +--------+--------+--------+--------+--------+-----+--------+

Top non-repeatable levels by time:
     D:7: 1528 daAuts
     D:6: 1503 daAuts
     D:5: 1346 daAuts
     D:8: 1295 daAuts
     D:4: 1152 daAuts
     D:3: 831 daAuts
     D:1: 821 daAuts
     D:2: 602 daAuts
 Ossuary: 570 daAuts
     D:9: 28 daAuts
  Temple: 1 daAuts
